 Dungeon Crawl Stone Soup version 0.27-a0-543-gd81048afd2 (webtiles) character file.

Game seed: 5721918793710550709

2720 Leibowitz the Covert (level 9, -8/54 HPs)
             Began as a Kobold Gladiator on Mar 7, 2021.
             Was a Priest of Okawaru.
             Mangled by a gargoyle
             ... wielding a +0 morningstar
              (26 damage)
             ... on level 7 of the Dungeon.
             The game lasted 00:13:31 (8038 turns).

Leibowitz the Covert (Kobold Gladiator)             Turns: 8038, Time: 00:13:31

Health: -8/54      AC:  7    Str: 11    XL:     9   Next: 98%
Magic:  7/9        EV: 24    Int:  9    God:    Okawaru [***...]
Gold:   310        SH:  0    Dex: 20    Spells: 8/8 levels left

rFire    . . .     SeeInvis +   b - +0 rapier
rCold    . . .     Faith    .   (shield restricted)
rNeg     . . .     Spirit   .   i - +2 robe {Will+}
rPois    .         Reflect  .   c - +0 helmet
rElec    .         Harm     .   (no cloak)
rCorr    .         Rampage  .   n - +0 pair of gloves
Will     ++...                  (no boots)
Stlth    ++++++++..             (no amulet)
HPRegen  0.18/turn              o - ring of willpower
MPRegen  0.11/turn              A - ring of see invisible

@: heroic
A: small, nightstalker 3
a: Renounce Religion, Heroism


You were on level 7 of the Dungeon.
You worshipped Okawaru.
Okawaru was most pleased with you.
You visited 1 branch of the dungeon, and saw 7 of its levels.

You collected 340 gold pieces.
You spent 30 gold pieces at shops.

Inventory:

Hand Weapons
 a - a +0 dagger of venom
 b - a +0 rapier (weapon)
 s - a +0 war axe of flaming
Armour
 c - a +0 helmet (worn)
 i - a +2 robe of willpower (worn)
 n - a +0 pair of gloves (worn)
Jewellery
 o - a ring of willpower (left hand)
 A - a ring of see invisible (right hand)
Wands
 t - a wand of acid (10)
 u - a wand of polymorph (5)
 x - a wand of iceblast (6)
 y - a wand of digging (5)
Scrolls
 e - 3 scrolls of amnesia {unknown}
 k - a scroll of teleportation {unknown}
 q - a scroll of enchant weapon {unknown}
 v - 4 scrolls of identify {unknown}
 w - 2 scrolls of random uselessness {unknown}
 B - a scroll of noise {unknown}
 D - a scroll of magic mapping {unknown}
Potions
 f - 3 potions of curing
 g - a potion of heal wounds {unknown}
 h - 2 potions of berserk rage {unknown}
 j - a potion of resistance {unknown}
 l - 2 potions of attraction {unknown}
 m - 3 potions of flight {unknown}
 p - 2 potions of cancellation {unknown}
 r - a potion of might
 z - a potion of curing
 C - a potion of lignification {unknown}
 E - a potion of degeneration {unknown}


   Skills:
 + Level 5.2(10.2) Fighting
 + Level 9.6(14.6) Short Blades
 + Level 3.0(8.0) Throwing
 + Level 1.0(6.0) Armour
 + Level 7.5(12.5) Dodging
 + Level 11.2(16.2) Stealth
 + Level 0.5 Evocations


You had 8 spell levels left.
You didn't know any spells.
Your spell library was empty.

Dungeon Overview and Level Annotations

Branches:
Dungeon (7/15)             Temple (0/1) D:5

Altars:
Gozag
Makhleb
Okawaru
Ru
Vehumet
Zin

Shops:
D:5 **[


Innate Abilities, Weirdness & Mutations

You are small and have problems with some larger weapons.
You are completely attuned to the shadows.


Message History

The orc warrior barely misses you.
You barely miss the orc warrior.
The orc warrior is almost dead.
A gargoyle comes into view. It is wielding a +0 morningstar.
You hit the orc warrior but do no damage.
The orc warrior looks as sick as possible!
The orc warrior is almost dead.
The orc warrior closely misses you.
You hit the orc warrior.
You kill the orc warrior!
Okawaru accepts your kill.
You completely miss the ufetubus. The ufetubus misses you.
The ufetubus hits you but does no damage.
You hit the ufetubus but do no damage.
The ufetubus is poisoned.
The ufetubus misses you. The ufetubus hits you.
You hit the ufetubus but do no damage.
The ufetubus looks as sick as possible!
The ufetubus misses you. The ufetubus completely misses you.
You closely miss the ufetubus. You hit the ufetubus but do no damage.
The ufetubus is lightly wounded.
The ufetubus hits you. x2
You hit the ufetubus.
The ufetubus looks as sick as possible!
The ufetubus is heavily wounded.
The ufetubus completely misses you. x2
You hit the ufetubus but do no damage.
The ufetubus looks as sick as possible!
The ufetubus is severely wounded.
The ufetubus misses you. The ufetubus closely misses you.
You hit the ufetubus.
You kill the ufetubus!
Okawaru accepts your kill.
Your +0 dagger of venom stops dripping with poison.
b - a +0 rapier (weapon)
The gargoyle misses you.
You hit the gargoyle but do no damage. You completely miss the gargoyle.
The gargoyle hits you with a +0 morningstar!!
You hit the gargoyle but do no damage.
You gain the combat prowess of a mighty hero.
The gargoyle hits you with a +0 morningstar!!
You die...

###♣.♣#### ###
#.....#
#♣♣♣♣.# ♣♣.♣♣
♣...#
♣...♣#♣♣♣♣.#
♣...♣#.....#
♣...♣##♣'♣##
♣...♣#..<..#
.....@9Z.8..'.
#♣...♣#..>..#.
♣...♣##♣'♣##
♣...♣ .♣ ♣...
♣


You could see a gargoyle and a water moccasin skeleton.

Vanquished Creatures
  Duvessa (D:4)
  2 ice beasts
  3 orc warriors
  A black bear (D:7)
  3 ogres
  A centaur (D:5)
  A phantom (D:6)
  Blork the orc (D:4)
  4 bullfrogs
  Dowan (D:4)
  2 scorpions
  7 wights
  A howler monkey (D:6)
  2 bullfrog skeletons (D:4)
  An orc priest (D:4)
  A centaur skeleton (D:7)
  4 hounds
  Jessica (D:2)
  Ijyb (D:4)
  An iguana (D:6)
  6 orc wizards
  5 worker ants
  2 hound skeletons (D:6)
  6 gnolls
  6 adders
  A shadow imp (D:6)
  2 ufetubi
  2 adder skeletons
  An adder zombie (D:5)
  A worm (D:3)
  2 dart slugs
  4 leopard geckos
  26 orcs
  8 giant cockroaches
  6 goblins
  5 hobgoblins
  4 jackals (D:4)
  3 quokkas
  2 ball pythons
  7 bats
  3 frilled lizards
  A giant cockroach zombie (D:5)
  A jackal zombie (D:7)
  6 kobolds
  2 quokka skeletons
  5 rats
156 creatures vanquished.

Notes
Turn   | Place    | Note
-------+----------+-------------------------------------------
     0 | D:1      | Leibowitz the Kobold Gladiator began the quest for the Orb.
     0 | D:1      | Reached XP level 1. HP: 12/12 MP: 1/1
   161 | D:1      | Reached XP level 2. HP: 10/17 MP: 2/2
   756 | D:1      | Reached XP level 3. HP: 21/21 MP: 3/3
  1155 | D:2      | Reached skill level 1 in Stealth
  1171 | D:2      | Noticed Jessica
  1175 | D:2      | Killed Jessica
  1176 | D:2      | Reached skill level 2 in Stealth
  1176 | D:2      | Reached XP level 4. HP: 27/27 MP: 4/4
  2053 | D:3      | Reached skill level 5 in Short Blades
  2073 | D:3      | Reached skill level 1 in Armour
  2073 | D:3      | Reached XP level 5. HP: 17/31 MP: 5/5
  2287 | D:3      | Reached skill level 3 in Stealth
  2726 | D:3      | Found an opulent altar of Gozag.
  2995 | D:3      | Noticed an ogre
  2998 | D:3      | Reached skill level 4 in Stealth
  3000 | D:3      | Killed an ogre
  3001 | D:3      | Reached XP level 6. HP: 37/37 MP: 6/6
  3334 | D:4      | Reached skill level 5 in Stealth
  3563 | D:4      | Noticed Blork the orc
  3567 | D:4      | Killed Blork the orc
  3568 | D:4      | Reached XP level 7. HP: 41/41 MP: 7/7
  3595 | D:4      | Noticed Ijyb
  3601 | D:4      | Killed Ijyb
  3635 | D:4      | Reached skill level 6 in Stealth
  3871 | D:4      | Found an iron altar of Okawaru.
  3876 | D:4      | Became a worshipper of Warmaster Okawaru
  3935 | D:4      | Noticed Dowan
  3936 | D:4      | Noticed Duvessa
  3958 | D:4      | Killed Dowan
  3959 | D:4      | Killed Duvessa
  3960 | D:4      | Reached skill level 5 in Dodging
  4185 | D:4      | Found a burning altar of Makhleb.
  4416 | D:4      | Reached * piety under Okawaru
  4417 | D:4      | Reached skill level 7 in Stealth
  4417 | D:4      | Reached XP level 8. HP: 38/48 MP: 8/8
  5127 | D:5      | Entered Level 5 of the Dungeon
  5322 | D:5      | Found Geduamp's General Store.
  5366 | D:5      | Found Cuilir's Armour Shoppe.
  5547 | D:5      | Found Efriasuq's General Store.
  5553 | D:5      | Bought a potion of curing for 30 gold pieces
  5663 | D:5      | Reached skill level 8 in Stealth
  5761 | D:5      | Found a staircase to the Ecumenical Temple.
  6036 | D:6      | Reached ** piety under Okawaru
  6231 | D:6      | Found a radiant altar of Vehumet.
  6242 | D:6      | Reached XP level 9. HP: 49/52 MP: 9/9
  6242 | D:6      | Found a sacrificial altar of Ru.
  6247 | D:6      | Found a glowing silver altar of Zin.
  6249 | D:6      | Reached skill level 9 in Stealth
  6530 | D:6      | Reached skill level 10 in Stealth
  6809 | D:6      | Reached skill level 5 in Fighting
  7012 | D:6      | Reached *** piety under Okawaru
  7799 | D:7      | Reached skill level 11 in Stealth
  8021 | D:7      | Noticed a gargoyle
  8038 | D:7      | Mangled by a gargoyle

Illustrated notes

Levels and vault maps discovered:
D:1:      minmay_arrival_up_and_down, layout_loops_ring, chequers_avenue,
          minmay_tromino_v4_b
D:2:      layout_basic, uniq_jessica
D:3:      layout_basic, grunt_gozag_breadcrumbs
D:4:      layout_basic, kennysheep_okawaru_gauntlet, kennysheep_mini_moat,
          uniq_ijyb, uniq_duvessa, uniq_blork_the_orc
D:5:      layout_loops_ring, minmay_temple_entry_enclosed_plants, serial_shops,
          shop, shop, shop
D:6:      layout_rooms, grunt_temple_overflow_open
D:7:      nzn_winding_woodlands_stair_cross [nzn_winding_woodlands_5x15_eye,
          nzn_winding_woodlands_center_diamonds,
          nzn_winding_woodlands_5x15_pool, nzn_winding_woodlands_5x5_three,
          nzn_winding_woodlands_5x5_cross, nzn_winding_woodlands_5x15_default,
          nzn_winding_woodlands_center_lodge,
          nzn_winding_woodlands_5x15_crooked], layout_loops_ring,
          lemuel_blue_sif_altar

Skill      XL: |  1  2  3  4  5  6  7  8  9 |
---------------+----------------------------+-----
Dodging        | 4 5 6 7 |  7.5
Stealth        | 2 4 5 7 8 11 | 11.2
Short Blades   | 5 6 8 9 |  9.6
Armour         | 1 |  1.0
Fighting       | 3 4 5 |  5.2
Throwing       | 3 |  3.0
Evocations     | |  0.5

Action                   |  1- 3 |  4- 6 |  7- 9 || total
-------------------------+-------+-------+-------++-------
Melee: Rapier            |    58 |   136 |    76 ||   270
       Dagger            |       |       |   385 ||   385
       Punch             |       |       |     1 ||     1
Throw: Throwing net      |       |       |     6 ||     6
Invok: Heroism           |       |       |     2 ||     2
Evoke: Wand              |       |       |     3 ||     3
 Stab: Sleeping          |     9 |    18 |    35 ||    62
       Held in net/web   |       |       |     3 ||     3
       Distracted        |       |       |     1 ||     1
Armor: Leather armour    |     8 |       |       ||     8
       Robe              |       |    26 |    56 ||    82
Dodge: Dodged            |    44 |    81 |   250 ||   375

Table legend: (Time is in decaauts)
 A = Elapsed time spent in this place.
 B = Non-inter-level travel time spent in this place.
 C = Inter-level travel time spent in this place.
 D = Time resting spent in this place.
 E = Time spent auto-exploring this place.
 F = Levels seen in this place.
 G = Mean time per level.
                   A        B        C        D        E       F      G
               +--------+--------+--------+--------+--------+-----+--------+
         Total |   7850 |   7715 |    135 |   1123 |   5366 |   7 | 1121.4 |
       Dungeon |   7850 |   7715 |    135 |   1123 |   5366 |   7 | 1121.4 |
               +--------+--------+--------+--------+--------+-----+--------+

Top non-repeatable levels by time:
     D:4: 1802 daAuts
     D:3: 1559 daAuts
     D:6: 1257 daAuts
     D:1: 1067 daAuts
     D:5: 814 daAuts
     D:7: 681 daAuts
     D:2: 668 daAuts
